 Dungeon Crawl Stone Soup version 0.29-a0-22-gbf593b16ee (webtiles) character file.

Game seed: 4408185598190820074

574 HallandMoats the Shield-Bearer (level 7, 0/56 HPs)
             Began as a Formicid Fighter on Jan 29, 2022.
             Slain by Duvessa (2 damage)
             ... on level 5 of the Dungeon.
             The game lasted 00:05:19 (3754 turns).

HallandMoats the Shield-Bearer (Formicid Fighter)   Turns: 3754, Time: 00:05:19

Health: 0/56       AC:  9    Str: 23    XL:     7   Next: 61%
Magic:  9/9        EV: 10    Int:  7    God:
Gold:   162        SH:  5    Dex: 10    Spells: 6/6 levels left

rFire   + . .      SeeInvis +   a - +0 war axe
rCold   . . .      Faith    .   c - +0 buckler
rNeg    . . .      Spirit   .   b - +0 scale mail
rPois   .          Reflect  .   (helmet unavailable)
rElec   .          Harm     .   h - +1 cloak
rCorr   .          Rampage  .   (no gloves)
Will    .....                   (no boots)
Stlth   ..........              (no amulet)
HPRegen 0.18/turn               m - ring of protection from fire
MPRegen 0.11/turn               (no ring)

@: mighty
A: permanent stasis, dig shafts and tunnels, antennae 3, four strong arms
a: Dig, Shaft Self


You were on level 5 of the Dungeon.
You visited 1 branch of the dungeon, and saw 5 of its levels.

You collected 162 gold pieces.

Inventory:

Hand Weapons
 a - a +0 war axe (weapon)
Armour
 b - a +0 scale mail (worn)
 c - a +0 buckler (worn)
 h - a +1 cloak (worn)
Jewellery
 m - a ring of protection from fire (left hand)
Wands
 l - a wand of acid (8)
Scrolls
 e - 5 scrolls of identify {unknown}
 f - 5 scrolls of teleportation {unknown}
 g - 4 scrolls of brand weapon {unknown}
 i - a scroll of enchant armour {unknown}
 k - a scroll of enchant weapon {unknown}
Potions
 j - a potion of heal wounds {unknown}
 n - a potion of attraction {unknown}
 o - a potion of ambrosia {unknown}
 p - a potion of mutation {unknown}
 q - a potion of curing {unknown}


   Skills:
 * Level 5.1 Fighting
 * Level 4.1 Axes
 + Level 4.2 Armour
 + Level 1.9 Dodging
 * Level 5.5 Shields
 + Level 2.8 Invocations


You had 6 spell levels left.
You didn't know any spells.
Your spell library contained the following spells:

 Spells                   Type           Power      Damage    Failure   Level
 Freeze                   Ice            0%         1d3       80%         1
 Summon Small Mammal      Summ           0%         N/A       80%         1
 Call Canine Familiar     Summ           0%         N/A       99%         3
 Frozen Ramparts          Ice            0%         1d2       99%         3
 Summon Guardian Golem    Hex/Summ       0%         N/A       99%         3
 Tukima's Dance           Hex            0%         N/A       99%         3
 Anguish                  Hex/Necr       0%         N/A       100%        4
 Hailstorm                Conj/Ice       0%         3d3       100%        4
 Ice Form                 Ice/Tmut       0%         N/A       100%        4
 Summon Ice Beast         Ice/Summ       0%         N/A       100%        4
 Enfeeble                 Hex            0%         N/A       100%        7


Dungeon Overview and Level Annotations

Branches:
Dungeon (5/15)
 Temple: D:4-7

Altars:

Annotations:
D:5 Duvessa, Sigmund


Innate Abilities, Weirdness & Mutations

You cannot be hasted, slowed, berserked, paralysed or teleported.
You can dig through walls and to a lower floor.
You have a pair of large antennae on your head. (SInv)
Your four strong arms can wield two-handed weapons with a shield.


Message History

Duvessa burns you.
You hit Duvessa but do no damage. Duvessa hits you but does no damage.
Dowan gestures at you while chanting. The puff of flame hits you. You resist.
Duvessa hits you but does no damage.
You completely miss Duvessa.
Duvessa hits you with a +0 short sword of flaming.
Sigmund barely misses you. Duvessa hits you but does no damage.
You barely miss Duvessa.
Duvessa hits you with a +0 short sword of flaming!
Duvessa burns you. You block Sigmund's attack. Duvessa barely misses you.
Dowan hits you with a +0 dagger.
You hit Duvessa but do no damage. You slash Dowan! Duvessa barely misses you.
Dowan hits you but does no damage. Duvessa barely misses you.
Sigmund closely misses you.
You hit Duvessa.
Duvessa is lightly wounded.
You completely miss Dowan.
Duvessa hits you with a +0 short sword of flaming.
Dowan hits you but does no damage. Duvessa closely misses you.
Sigmund gestures wildly while chanting.
Sigmund flickers and vanishes for a moment.
Dowan casts a spell at you. The puff of frost misses you.
You slash Dowan!
You kill Dowan!
Duvessa screams in rage.
Duvessa goes berserk!
You hit Duvessa.
Duvessa hits you with a +0 short sword of flaming!
* * * LOW HITPOINT WARNING * * *
Duvessa burns you.
* * * LOW HITPOINT WARNING * * *
Sigmund barely misses you.
Duvessa hits you with a +0 short sword of flaming.
* * * LOW HITPOINT WARNING * * *
You closely miss Duvessa.
Duvessa is moderately wounded.
Duvessa hits you with a +0 short sword of flaming!
* * * LOW HITPOINT WARNING * * *
Duvessa burns you.
You die...

... # ###. ##. ....#
....# ..# #.. .....# ...
#.. . ....# ..#.....
.#.# .. ....##..#.....{
... ... #....@.......
..##
#...#..e).#.....#####.##
.......@###..##..#.....<
...##....#...##.......##
.........#..###..##...##
.........#.###.....#...#
................#.###..#
................#.###...
.....##........#........
..... #.......##......#.
.............<..........


You could see Duvessa (berserk, fast) and Sigmund (invisible).

Vanquished Creatures
  2 water moccasin zombies (D:5)
  Dowan (D:5)
  2 howler monkeys
  3 hounds
  2 iguanas (D:5)
  An orc wizard (D:3)
  6 adders
  A white imp (D:4)
  3 worms
  6 dart slugs
  7 orcs
  7 endoplasms
  11 giant cockroaches
  4 hobgoblins
  3 jackals (D:2)
  5 quokkas
  8 ball pythons
  9 bats
  4 frilled lizards (D:1)
  5 goblins
  6 kobolds
  4 rats
100 creatures vanquished.

Notes
Turn   | Place    | Note
-------+----------+-------------------------------------------
     0 | D:1      | HallandMoats the Formicid Fighter began the quest for the
                  | Orb.
     0 | D:1      | Reached XP level 1. HP: 18/18 MP: 1/1
   333 | D:1      | Reached XP level 2. HP: 24/24 MP: 2/2
   898 | D:1      | Reached XP level 3. HP: 29/29 MP: 3/3
   979 | D:1      | Reached skill level 1 in Invocations
  1322 | D:2      | Reached XP level 4. HP: 36/37 MP: 4/4
  1485 | D:2      | Reached skill level 1 in Dodging
  1578 | D:2      | Reached XP level 5. HP: 42/42 MP: 6/6
  2306 | D:3      | You fall into a shaft and drop 1 floor!
  2327 | D:4      | Reached XP level 6. HP: 43/49 MP: 7/7
  3375 | D:5      | Entered Level 5 of the Dungeon
  3400 | D:5      | Reached skill level 5 in Shields
  3466 | D:5      | Reached XP level 7. HP: 46/55 MP: 8/8
  3671 | D:5      | Reached skill level 5 in Fighting
  3743 | D:5      | Noticed Dowan
  3744 | D:5      | Noticed Duvessa
  3746 | D:5      | Noticed Sigmund
  3753 | D:5      | Killed Dowan
  3754 | D:5      | HP: 2/56 [Duvessa (8)]
  3754 | D:5      | Slain by Duvessa

Illustrated notes

Levels and vault maps discovered:
D:1:      wander_arrival_peaceful_grave, layout_loops_ring,
          roderic_serpentine_path, minmay_crystal_room
D:2:      minmay_roachtagon, layout_loops_ring, grunt_decor_junction
D:3:      layout_loops_ring, eino_curves_04, minmay_bisected
D:4:      layout_cave_pools, serial_park_tiny_pond
D:5:      layout_cave_pools, minmay_temple_entry_gardened_gates, minivault_19,
          uniq_sigmund, uniq_duvessa

Skill      XL: |  1  2  3  4  5  6  7 |
---------------+----------------------+-----
Invocations    | 1 2 |  2.8
Shields        | 4 5 |  5.5
Fighting       | 4 5 |  5.1
Dodging        | 1 |  1.9
Axes           | 3 4 |  4.1
Armour         | 4 |  4.2

Action                   |  1- 3 |  4- 6 |  7- 9 || total
-------------------------+-------+-------+-------++-------
Melee: War axe           |    67 |   155 |    41 ||   263
  Use: Potion            |       |       |     1 ||     1
Armor: Scale mail        |    43 |    93 |    19 ||   155
Dodge: Dodged            |    25 |    71 |    23 ||   119
Block: Buckler           |    18 |    31 |    12 ||    61

Table legend: (Time is in decaauts)
 A = Elapsed time spent in this place.
 B = Non-inter-level travel time spent in this place.
 C = Inter-level travel time spent in this place.
 D = Time resting spent in this place.
 E = Time spent auto-exploring this place.
 F = Levels seen in this place.
 G = Mean time per level.
                   A        B        C        D        E       F      G
               +--------+--------+--------+--------+--------+-----+--------+
         Total |   3855 |   3720 |    135 |      0 |   3028 |   5 |  771.0 |
       Dungeon |   3855 |   3720 |    135 |      0 |   3028 |   5 |  771.0 |
               +--------+--------+--------+--------+--------+-----+--------+

Top non-repeatable levels by time:
     D:2: 1029 daAuts
     D:1: 1019 daAuts
     D:3: 897 daAuts
     D:4: 509 daAuts
     D:5: 399 daAuts
